 Dungeon Crawl Stone Soup version 0.30-b1-2-g02819fbbbe (webtiles) character file.

Game seed: 1511343910597251959

3805 raph the Insei (level 9, 0/73 HPs)
             Began as a Yellow Draconian Transmuter on Dec 24, 2023.
             Was a Believer of Makhleb.
             Shot with an arrow by a centaur warrior (1 damage)
             ... on level 8 of the Dungeon.
             The game lasted 00:12:34 (6376 turns).

raph the Insei (Yellow Draconian Transmuter)        Turns: 6376, Time: 00:12:34

Health: 0/73       AC: 14    Str: 20    XL:     9   Next: 96%
Magic:  15/15      EV: 13    Int: 20    God:    Makhleb [**....]
Gold:   141        SH:  0    Dex: 12    Spells: 5/17 levels left

rFire   . . .        p - +8 rapier "Draconian's Death" {drain, rPois rC+ Str+8}
rCold   + . .        (no shield)
rNeg    . . .        (body armour unavailable)
rPois   +            (helmet restricted)
rElec   .            b - +0 cloak
rCorr   +            k - +1 Delatra's gloves {ID++}
SInv    .            (no boots)
Will    .....        v - amulet of magic regeneration
Stlth   +            K - +4 ring of protection
HPRegen 1.12/turn    (no ring)
MPRegen 0.54/turn

%: no passive effects
@: no status effects
A: spit acid, AC +7, unfitting armour, cold-blooded, acid resistance, clever 1,
regeneration 1, wild magic 1
a: Breathe Acid, Renounce Religion, Minor Destruction


You were on level 8 of the Dungeon.
You worshipped Makhleb.
Makhleb was pleased with you.
You visited 1 branch of the dungeon, and saw 8 of its levels.

You collected 393 gold pieces.
You spent 252 gold pieces at shops.

Inventory:

Hand Weapons
 p - the +8 rapier "Draconian's Death" (weapon) {drain, rPois rC+ Str+8}
   (You found it on level 2 of the Dungeon)

   Str:       It affects your strength (+8).
   rC:        It protects you from cold.
   rPois:     It protects you from poison.
Missiles
 o - 49 poisoned darts
Armour
 b - a +0 cloak (worn)
 j - a +0 pair of gloves
 k - the +1 Delatra's gloves (worn) {ID++}
   (You found it on level 2 of the Dungeon)

   ID++:      It heals its wearer when they drink unknown potions, and restores
   their MP when they read unknown scrolls.
Jewellery
 u - a ring of ice
 v - an amulet of magic regeneration (around neck)
 G - a ring of ice
 K - a +4 ring of protection (left hand)
Wands
 x - a wand of flame (24)
 B - a wand of acid (13)
 I - a wand of polymorph (6)
 J - a wand of iceblast (13)
Scrolls
 c - a scroll of teleportation {unknown}
 e - a scroll of fog {unknown}
 h - 8 scrolls of identify
 i - 3 scrolls of blinking {unknown}
 l - a scroll of torment {unknown}
 m - a scroll of fear {unknown}
 q - 2 scrolls of poison {unknown}
 w - 3 scrolls of magic mapping {unknown}
 y - 2 scrolls of amnesia {unknown}
 A - 2 scrolls of vulnerability {unknown}
 D - a scroll of silence {unknown}
 F - a scroll of enchant armour {unknown}
Potions
 a - 3 potions of lignification
 d - 2 potions of heal wounds
 f - 3 potions of curing
 g - a potion of attraction {unknown}
 n - 4 potions of mutation
 r - a potion of invisibility {unknown}
 s - a potion of berserk rage {unknown}
 t - a potion of ambrosia {unknown}
 z - 2 potions of brilliance {unknown}
 C - 2 potions of might {unknown}
 E - a potion of flight {unknown}
 H - a potion of degeneration {unknown}


   Skills:
 + Level 4.9 Fighting
 + Level 3.6 Short Blades
 + Level 3.9 Dodging
 * Level 7.2 Unarmed Combat
 + Level 4.5 Spellcasting
 + Level 2.4 Conjurations
 + Level 2.5 Summonings
 * Level 6.9 Transmutations
 + Level 5.3 Poison Magic


You had 5 spell levels left.
You knew the following spells:

 Your Spells              Type           Power      Damage    Failure   Level
a - Beastly Appendage     Tmut           82%        N/A       1%          1
b - Wereblood             Tmut           41%        N/A       2%          2
c - Spider Form           Tmut/Pois      37%        N/A       5%          3
d - Summon Small Mammal   Summ           72%        N/A       7%          1
e - Mephitic Cloud        Conj/Pois/Air  19%        N/A       19%         3
f - Call Imp              Summ           36%        N/A       11%         2

Your spell library contained the following spells:

 Spells                   Type           Power      Damage    Failure   Level
 Magic Dart               Conj           72%        1d6       8%          1
 Apportation              Tloc           10%        N/A       17%         1
 Freeze                   Ice            20%        1d4       17%         1
 Necrotise                Necr           20%        1d5       17%         1
 Static Discharge         Conj/Air       24%        2-3/arc   17%         2
 Dazzling Flash           Conj/Hex       24%        N/A       30%         3
 Hailstorm                Conj/Ice       12%        3d5       30%         3
 Ice Form                 Ice/Tmut       23%        N/A       38%         4
 Frozen Ramparts          Ice            10%        1d2       45%         3
 Summon Lightning Spire   Summ/Air       12%        N/A       67%         4
 Airstrike                Air            2%         2d(1-17)  83%         4
 Agony                    Necr           5%         N/A       99%         5
 Silence                  Hex/Air        2%         N/A       99%         5


Dungeon Overview and Level Annotations

Branches:
Dungeon (8/15)             Temple (0/1) D:7
   Lair: D:8-11

Altars:
Makhleb
Uskayaw
Vehumet
Wu Jian
Xom

Shops:
D:1 :   D:4 =

Annotations:
D:4 2 transporters, diceflayer's ghost, amateur DsGl


Innate Abilities, Weirdness & Mutations

You can spit globs of acid.
Your golden yellow scales are hard. (AC +7)
You cannot fit into any form of body armour.
You are cold-blooded and may be slowed by cold attacks.
You are resistant to acid. (rCorr)
Your mind is acute. (Int +4, Str/Dex -1)
Your natural rate of healing is unusually fast.
Your spells are a little harder to cast, but a little more powerful.


Message History

There is a broken gate here.
You enter the shallow water.
Moving in this stuff is going to be slow.
You see here a +2 hand axe of flaming.
You see here a dream sheep skeleton.
A centaur warrior comes into view.
A centaur comes into view.
The centaur warrior shouts!
The centaur shouts!
The centaur warrior wields a +2 shortbow of freezing.
It is covered in frost.
The centaur warrior shoots an arrow.
The arrow hits you! The arrow freezes you.
The centaur wields a +0 shortbow.
The centaur shoots an arrow.
The arrow hits you.
The centaur warrior shoots an arrow.
The arrow hits you! The arrow freezes you.
The centaur shoots an arrow.
The arrow hits you but does no damage.
The centaur warrior shoots an arrow.
The arrow hits you!
The centaur shoots an arrow.
The arrow hits you.
It was a potion of mutation.
You feel extremely strange.
You feel less in control of your magic.
You feel clever.
You begin to heal more quickly.
The energy of discovery flows from your fingertips!
You feel much better.
The centaur warrior shoots an arrow.
The arrow hits you.
The centaur shoots an arrow.
The arrow hits you.
A sleepcap comes into view.
The centaur warrior shoots an arrow.
The arrow hits you! The arrow freezes you.
Okay, then.
As you read the scroll labelled PUGUUTO BUGAEN, it crumbles to dust.
It is a scroll of identify.
d - 2 potions of heal wounds The energy of discovery flows from your fingertips!
Magic courses through your body.
The centaur warrior shoots an arrow.
The arrow hits you. The arrow freezes you.
The centaur shoots an arrow.
The arrow hits you but does no damage.
The centaur warrior shoots an arrow.
The arrow hits you.
The centaur warrior shoots an arrow.
The arrow hits you! The arrow freezes you.
The centaur warrior shoots an arrow.
The arrow hits you!
* * * LOW HITPOINT WARNING * * *
The centaur warrior shoots an arrow.
The arrow hits you!
* * * LOW HITPOINT WARNING * * *
The arrow freezes you.
You die... fc.

#c# #.# #.#
#.###########
#.##P~~P.'))#
#.##P~)~~#..#
..#####.##~÷P~P##'#
........@#.)...#..#
..#####.<..♣.♣.'†.#
#..#~.♣..'..#
#..#.♣.♣.'..#
#..#.....#..#
#..########## #...
#... ####


You could see a centaur warrior.

Vanquished Creatures
  A hydra (D:8)
  A cyclops (D:7)
  2 dream sheep (D:8)
  3 steam dragons
  A water moccasin (D:6)
  A sky beast (D:8)
  An ice beast (D:7)
  2 black bears
  2 ogres
  4 kobold brigands
  3 scorpions
  2 howler monkeys
  7 hounds
  An orc priest (D:3)
  3 jellies
  A gnoll bouda (D:7)
  A sleepcap (D:4)
  6 iguanas
  5 orc wizards
  6 gnolls (D:7)
  6 adders
  2 shadow imps
  A white imp (D:5)
  2 ufetubi
  3 worms
  29 orcs
  11 endoplasms
  7 giant cockroaches
  3 goblins
  3 hobgoblins
  3 jackals (D:2)
  5 quokkas
  4 bats
  A frilled lizard (D:1)
  8 kobolds
  5 rats
146 creatures vanquished.

Vanquished Creatures (others)
  3 demonic plants (D:5)
  A plant (D:8)
4 creatures vanquished.

Grand Total: 150 creatures vanquished

Notes
Turn   | Place    | Note
-------+----------+-------------------------------------------
     0 | D:1      | raph the Draconian Transmuter began the quest for the Orb.
     0 | D:1      | Reached XP level 1. HP: 16/16 MP: 3/3
   270 | D:1      | Reached XP level 2. HP: 23/23 MP: 3/5
   493 | D:1      | Learned a level 2 spell: Wereblood
   710 | D:1      | Found Rixidiaf's Book Boutique.
   872 | D:2      | Reached XP level 3. HP: 29/29 MP: 4/6
   876 | D:2      | Learned a level 3 spell: Spider Form
   999 | D:2      | Found the +1 Delatra's gloves {ID++}
  1091 | D:2      | Found a faded altar of an unknown god.
  1243 | D:2      | Reached XP level 4. HP: 36/36 MP: 5/7
  1251 | D:2      | Identified the +8 rapier "Draconian's Death" {drain, rPois
                  | rC+ Str+8}
  1457 | D:2      | Reached skill level 1 in Poison Magic
  1851 | D:3      | Learned a level 1 spell: Summon Small Mammal
  1931 | D:3      | Found a hide-covered altar of Uskayaw.
  2021 | D:3      | Reached skill level 4 in Unarmed Combat
  2046 | D:3      | Reached XP level 5. HP: 33/41 MP: 8/8
  2136 | D:3      | Found a shimmering altar of Xom.
  2139 | D:3      | Found a radiant altar of Vehumet.
  2505 | D:3      | Found a burning altar of Makhleb.
  2505 | D:3      | Noticed a green death
  2508 | D:3      | Noticed a neqoxec
  2508 | D:3      | Noticed a smoke demon
  2510 | D:3      | Became a worshipper of Makhleb the Destroyer
  2693 | D:4      | Reached XP level 6. HP: 39/50 MP: 9/9
  2854 | D:4      | Found Ewnig's Jewellery Shop.
  2872 | D:4      | Found a transporter.
  2877 | D:4      | Found a transporter.
  2877 | D:4      | Noticed diceflayer's ghost (amateur DsGl)
  2890 | D:4      | Noticed a steam dragon
  2906 | D:4      | Killed a steam dragon
  3278 | D:5      | Entered Level 5 of the Dungeon
  3288 | D:5      | Your scales start taking on a golden yellow colour.
  3288 | D:5      | Reached XP level 7. HP: 56/56 MP: 11/11
  3288 | D:5      | Gained mutation: You are resistant to acid. (rCorr) [Yellow
                  | Draconian growth]
  3293 | D:5      | Reached * piety under Makhleb
  3386 | D:5      | Reached skill level 1 in Short Blades
  3506 | D:5      | Found an ornate altar of the Wu Jian Council.
  3510 | D:5      | Reached skill level 5 in Unarmed Combat
  4147 | D:5      | Reached skill level 5 in Transmutations
  4147 | D:5      | Reached XP level 8. HP: 55/63 MP: 12/12
  4529 | D:6      | Reached ** piety under Makhleb
  4540 | D:6      | Reached skill level 6 in Unarmed Combat
  4997 | D:1      | Bought a book of Minor Magic for 252 gold pieces
  5001 | D:1      | Learned a level 3 spell: Mephitic Cloud
  5004 | D:1      | Learned a level 2 spell: Call Imp
  5452 | D:7      | Reached skill level 1 in Summonings
  5452 | D:7      | Reached XP level 9. HP: 38/71 MP: 14/14
  5678 | D:7      | Reached skill level 1 in Conjurations
  5834 | D:7      | Noticed a cyclops
  5839 | D:7      | Killed a cyclops
  5863 | D:7      | Found a staircase to the Ecumenical Temple.
  6157 | D:8      | Reached skill level 5 in Poison Magic
  6171 | D:8      | Noticed a two-headed hydra
  6179 | D:8      | Killed a two-headed hydra
  6180 | D:8      | Reached skill level 7 in Unarmed Combat
  6369 | D:8      | Noticed a centaur warrior
  6372 | D:8      | Gained mutation: Your spells are a little harder to cast,
                  | but a little more powerful. [potion of mutation]
  6372 | D:8      | Gained mutation: Your mind is acute. (Int +4, Str/Dex -1)
                  | [potion of mutation]
  6372 | D:8      | Gained mutation: Your natural rate of healing is unusually
                  | fast. [potion of mutation]
  6376 | D:8      | HP: 1/73 [centaur warrior/arrow (9)]
  6376 | D:8      | Shot with an arrow by a centaur warrior

Illustrated notes

Levels and vault maps discovered:
D:1:      enne_arrival_octagon_isle, layout_basic, serial_shops,
          nicolae_shop_pleasant_corner_grove
D:2:      layout_basic, shapermc_ecumenical_altar_flowoftime,
          pf_guarded_unrand_delatra
D:3:      layout_loops_cross, nicolae_overflow_hidden_temple,
          makhleb_altar_promises_db
D:4:      layout_cave_pools, serial_shops, shop, gammafunk_ghost_arena
D:5:      layout_cave_pools, nzn_wu_jian_contemplation, serial_demonic,
          serial_demonic_f, serial_demonic_g, serial_demonic_c,
          serial_demonic_g, grunt_decor_junction, chequers_serial_rivers_room_b,
          st_stairs_3
D:6:      layout_cave_pools
D:7:      cheibrodos_steamvent, layout_loops_ring,
          minmay_temple_entry_mini_moons, dreamdust_gnoll_farm
D:8:      layout_basic, mainiacjoe_overflow_small_starburst, dpeg_oklobed_lair,
          hangedman_ranch

Skill      XL: |  1  2  3  4  5  6  7  8  9 |
---------------+----------------------------+-----
Transmutations | 3 4 5 6 |  6.9
Fighting       | 2 3 4 |  4.9
Poison Magic   | 1 2 3 4 5 |  5.3
Unarmed Combat | 4 5 6 7 |  7.2
Dodging        | 2 3 |  3.9
Short Blades   | 1 2 3 |  3.6
Spellcasting   | 3 4 |  4.5
Summonings     | 1 2 |  2.5
Conjurations   | 2 |  2.4

Action                     |  1- 3 |  4- 6 |  7- 9 || total
---------------------------+-------+-------+-------++-------
  Melee: Unarmed           |    71 |     5 |     3 ||    79
         Kick              |    17 |    10 |    20 ||    47
         Headbutt          |    11 |     6 |    15 ||    32
         Tailslap          |     3 |     8 |    16 ||    27
         Rapier            |       |   118 |   156 ||   274
         Punch             |       |     1 |     7 ||     8
   Cast: Beastly Appendage |    22 |    12 |    15 ||    49
         Wereblood         |     2 |     2 |     6 ||    10
         Spider Form       |       |       |     1 ||     1
Ability: Breathe Acid      |       |       |    13 ||    13
    Use: Potion            |       |     1 |     1 ||     2
         Scroll            |       |       |     1 ||     1
   Stab: Sleeping          |       |     1 |       ||     1
 Armour: Skin              |    18 |    65 |    79 ||   162
  Dodge: Dodged            |    44 |    77 |   150 ||   271
